 Dungeon Crawl Stone Soup version 0.23-a0-405-g368ce00 (webtiles) character file.

43776 MisterFreud the Grappler (level 13, 0/127 HPs)
             Began as a Troll Monk on Nov 6, 2018.
             Was the Champion of Okawaru.
             Slain by a spriggan rider
             ... wielding a +0 spear
              (27 damage)
             ... on level 6 of the Lair of Beasts.
             The game lasted 00:51:50 (15722 turns).

MisterFreud the Grappler (Troll Monk)              Turns: 15722, Time: 00:51:50

Health: 0/127      AC: 10    Str: 26    XL:     13   Next: 92%
Magic:  16/18      EV: 20    Int:  6    God:    Okawaru [******]
Gold:   657        SH:  0    Dex: 12    Spells: 12/12 levels left

rFire    . . .     SeeInvis .     - Unarmed
rCold    x . .     Gourm    +   (no shield)
rNeg     . . .     Faith    .   R - +2 robe of Tasaur {+Blink rC- MR+++}
rPois    +         Spirit   .   F - +1 hat
rElec    .         Reflect  .   a - +1 cloak
rCorr    .         Harm     .   (gloves unavailable)
MR       +++..                  (boots unavailable)
Stlth    +++.......             N - amulet of the acrobat
HPRegen  0.71/turn              U - ring of poison resistance
MPRegen  0.16/turn              o - +2 ring of evasion

@: about to teleport, heroism, drained
A: large, unfitting armour, claws 3, fast metabolism 3, gourmand, regeneration
1, shaggy fur 1, tough skin 2
a: Heroism, Finesse, Renounce Religion, Evoke Blink


You were on level 6 of the Lair of Beasts.
You worshipped Okawaru.
Okawaru was exalted by your worship.
You were very full.

You visited 3 branches of the dungeon, and saw 18 of its levels.

You collected 1229 gold pieces.
You spent 572 gold pieces at shops.

Inventory:

Hand Weapons
 v - the +4 whip of Floods {flame, rPois rC- MP+9}
   (You found it on level 5 of the Dungeon)

   It has been specially enchanted to burn those struck by it, causing extra
   injury to most foes and up to half again as much damage against particularly
   susceptible opponents.
   It makes you vulnerable to cold.
   It protects you from poison.
   It affects your magic capacity (+9).
 K - a +0 blowgun
Missiles
 c - 10 needles of confusion
 d - 360 stones
 i - 127 poisoned needles
 j - 4 tomahawks of returning
 u - 11 curare-tipped needles
 z - 8 steel javelins
 C - 5 tomahawks
 G - 11 javelins of returning (quivered)
 H - 11 javelins
 J - a large rock
 P - 4 poisoned tomahawks
Armour
 a - a +1 cloak (worn)
 F - a +1 hat (worn)
 R - the +2 robe of Tasaur (worn) {+Blink rC- MR+++}
   (You bought it in a shop on level 8 of the Dungeon)

   It makes you vulnerable to cold.
   It affects your resistance to hostile enchantments.
   It lets you blink.
Jewellery
 l - an uncursed ring of stealth
 o - a +2 ring of evasion (right claw)
 t - a +1 ring of protection
 M - an uncursed ring of flight
 N - an amulet of the acrobat (around neck)
 U - a ring of poison resistance (left claw)
Wands
 m - a wand of flame (56)
 r - a wand of disintegration (14)
 y - a wand of polymorph (11)
 A - a wand of acid (12)
 D - a wand of random effects (44)
 L - a wand of iceblast (21)
 Q - a wand of scattershot (2)
 Y - a wand of clouds (6)
Scrolls
 h - 3 scrolls of blinking
 p - 12 scrolls of remove curse
 x - 3 scrolls of enchant armour
 T - 2 scrolls of fog
 V - a scroll of vulnerability {unknown}
 W - a scroll of magic mapping
Potions
 e - a potion of might
 f - 2 potions of invisibility
 n - 3 potions of resistance
 q - 2 potions of lignification
 s - a potion of berserk rage
 w - 2 potions of haste
 B - 5 potions of brilliance
 I - 2 potions of agility
 O - 2 potions of flight
 S - a potion of cancellation {unknown}
Miscellaneous
 g - a phantom mirror
 X - a box of beasts
Comestibles
 b - 40 rations


   Skills:
 - Level 8.0(12.9) Fighting
 + Level 10.2(15.2) Throwing
 - Level 10.0(14.9) Dodging
 - Level 1.0(6.0) Stealth
 - Level 12.0(16.9) Unarmed Combat
 - Level 8.1 Invocations
 - Level 6.0(5.9) Evocations


You had 12 spell levels left.
You didn't know any spells.
Your spell library contained the following spells:

 Spells                   Type           Power        Failure   Level  Hunger
 Flame Tongue             Conj/Fire      #....        45%         1    ##.....
 Throw Flame              Conj/Fire      #.....       58%         2    ###....
 Conjure Flame            Conj/Fire      #.......     83%         3    ####...
 Inner Flame              Hex/Fire       #.......     83%         3    ####...
 Sticky Flame             Conj/Fire      #.......     99%         4    #####..
 Fireball                 Conj/Fire      #.........   100%        5    ######.


Dungeon Overview and Level Annotations

Branches:
Dungeon (11/15)            Temple (1/1) D:7            Lair (6/6) D:8
 Shoals (0/4) Lair:4        Snake (0/4) Lair:3        Slime (0/5) Lair:5
    Orc (0/2) D:9

Altars:
Ashenzari
Dithmenos
Fedhas
Gozag
Kikubaaqudgha
Nemelex Xobeh
Okawaru
Qazlal
Ru
Uskayaw
Vehumet
Wu Jian
Yredelemnul
Zin
The Shining One
Jiyva

Shops:
D:8 *[   D:9 :

Annotations:
Lair:1 exclusion: 2 oklob plants
Lair:2 exclusion: 3 oklob plants


Innate Abilities, Weirdness & Mutations

You are too large for most types of armour.
You have claws for hands.
Your metabolism is lightning-fast.
You like to eat raw meat.
Your natural rate of healing is unusually fast.
You are covered in fur. (AC +1)
You have very tough skin. (AC +2)


Message History

The spriggan rider hits you with a +0 spear.
You mangle the spriggan rider!!
The spriggan rider is heavily wounded.
The spriggan rider barely misses you.
The spriggan rider hits you with a +0 spear!
You scratch the spriggan rider.
The spriggan rider is heavily wounded.
The spriggan rider hits you with a +0 spear.
* * * LOW HITPOINT WARNING * * *
You scratch the spriggan rider.
The spriggan rider is heavily wounded.
The spriggan rider hits you with a +0 spear!
* * * LOW HITPOINT WARNING * * *
Okay, then.
Unknown command.
Unknown command.
As you read the scroll of teleportation, it crumbles to dust.
You feel strangely unstable.
The spriggan rider hits you with a +0 spear!!
You die...

##..♣ ♣..♣.....♣
#...♣♣ ♣♣..♣♣....♣
#....♣♣♣♣...♣♣♣...♣
#......♣♣..♣♣ ♣♣.♣♣
####♣.....♣♣ ♣♣♣ .
♣.....♣♣ ♣♣.♣
♣♣♣....♣♣♣ ♣♣...♣
♣♣♣....♣♣i..♣
♣♣♣♣.)@i.♣ ♣♣♣♣♣♣♣


You could see 2 spriggan riders.

Vanquished Creatures
  Gastronok (D:9)
  4 hydras
  Erica (Lair:1)
  A queen ant (Lair:2)
  4 death yaks
  A two-headed ogre (D:11)
  Urug (Lair:2)
  A necromancer (Lair:3)
  A black mamba (Lair:1)
  Joseph (D:7)
  A torpor snail (Lair:5)
  10 spiny frogs
  A gargoyle (D:11)
  4 rime drakes
  3 komodo dragons
  4 trolls
  A queen bee (Lair:2)
  3 polar bears (Lair:6)
  A hornet (Lair:6)
  11 blink frogs
  10 hippogriffs
  5 dream sheep (Lair:6)
  7 spriggans
  2 wraiths (D:11)
  3 fire bats (Lair:6)
  4 wyverns
  5 basilisks
  Menkaure (D:7)
  A steam dragon (Lair:2)
  39 yaks
  A hungry ghost (D:9)
  3 nagas (Lair:3)
  5 soldier ants (Lair:2)
  10 water moccasins
  3 porcupines
  2 orc warriors
  2 ice beasts (D:9)
  2 sky beasts (D:10)
  4 black bears
  2 phantoms
  2 boggarts (Lair:6)
  8 ogres
  2 centaurs
  21 wolves
  19 crocodiles
  2 big kobolds (D:10)
  11 bullfrogs
  A wyvern skeleton (D:10)
  A scorpion (D:8)
  52 killer bees
  7 wights
  A howler monkey (D:4)
  A bullfrog zombie (D:10)
  5 crimson imps
  2 jellies
  A bullfrog skeleton (D:5)
  4 orc priests
  4 hounds
  An iguana (D:9)
  A centaur skeleton (D:4)
  6 orc wizards
  15 worker ants
  4 hell rats (Lair:6)
  A polar bear simulacrum (Lair:3)
  3 yak simulacra (Lair:3)
  6 wolf simulacra (Lair:3)
  2 hound skeletons
  11 adders
  An ooze (D:4)
  4 worms
  A dart slug (D:2)
  4 leopard geckos
  22 orcs
  A ball python (D:3)
  3 giant cockroaches
  8 goblins
  5 hobgoblins
  13 jackals
  3 quokkas
  9 bats
  5 frilled lizards
  19 kobolds
  A leopard gecko skeleton (D:6)
  12 rats
  A river rat simulacrum (Lair:3)
  A plant (Lair:3)
473 creatures vanquished.

Vanquished Creatures (others)
  A killer bee (Lair:2)
  A river rat (Lair:2)
  9 fungi
  11 plants
22 creatures vanquished.

Grand Total: 495 creatures vanquished

Notes
Turn   | Place    | Note
-------+----------+-------------------------------------------
     0 | D:1      | MisterFreud the Troll Monk began the quest for the Orb.
     0 | D:1      | Reached XP level 1. HP: 22/22 MP: 0/0
   234 | D:1      | Reached XP level 2. HP: 29/29 MP: 1/1
   562 | D:1      | Reached skill level 4 in Unarmed Combat
   892 | D:2      | Reached XP level 3. HP: 36/36 MP: 2/2
  1334 | D:2      | Reached XP level 4. HP: 44/44 MP: 3/3
  1362 | D:2      | Reached skill level 5 in Unarmed Combat
  2264 | D:3      | Found a shadowy altar of Dithmenos.
  2436 | D:3      | Reached XP level 5. HP: 19/50 MP: 4/4
  2565 | D:4      | Reached skill level 6 in Unarmed Combat
  2653 | D:4      | Noticed a phantom
  2673 | D:4      | Killed a phantom
  2673 | D:4      | Reached skill level 7 in Unarmed Combat
  2673 | D:4      | Reached XP level 6. HP: 59/59 MP: 5/5
  3442 | D:5      | Entered Level 5 of the Dungeon
  3580 | D:5      | Reached skill level 8 in Unarmed Combat
  3631 | D:5      | Reached XP level 7. HP: 66/66 MP: 6/6
  3654 | D:5      | Got a brightly glowing whip
  3655 | D:5      | Identified the +4 whip of Floods {flame, rPois rC- MP+9}
                  | (You found it on level 5 of the Dungeon)
  3743 | D:5      | Reached skill level 1 in Throwing
  3838 | D:5      | Found a basalt altar of Yredelemnul.
  3841 | D:5      | Found an ancient bone altar of Kikubaaqudgha.
  3853 | D:5      | Found a stormy altar of Qazlal.
  3856 | D:5      | Found a blossoming altar of Fedhas.
  4733 | D:6      | Reached XP level 8. HP: 69/74 MP: 7/7
  4748 | D:6      | Reached skill level 5 in Throwing
  5166 | D:7      | Found a staircase to the Ecumenical Temple.
  5188 | Temple   | Entered the Ecumenical Temple
  5204 | Temple   | Became a worshipper of Warmaster Okawaru
  5204 | Temple   | Reached * piety under Okawaru
  5204 | Temple   | Reached ** piety under Okawaru
  5302 | D:7      | Reached skill level 1 in Invocations
  5342 | D:7      | Noticed Joseph
  5560 | D:7      | Noticed a hippogriff
  5571 | D:7      | Killed a hippogriff
  5579 | D:7      | Noticed Menkaure
  5582 | D:7      | Reached XP level 9. HP: 44/80 MP: 10/10
  5592 | D:7      | Killed Menkaure
  5592 | D:7      | Reached skill level 5 in Dodging
  5789 | D:7      | Found an iron altar of Okawaru.
  5877 | D:7      | Killed Joseph
  5877 | D:7      | Reached *** piety under Okawaru
  5994 | D:8      | Noticed a troll
  6001 | D:8      | Killed a troll
  6207 | D:8      | Found Zochuhe's General Store.
  6215 | D:8      | Bought a wand of polymorph (7) for 126 gold pieces
  6215 | D:8      | Bought a scroll of teleportation for 42 gold pieces
  6279 | D:8      | Noticed a death yak
  6293 | D:8      | Noticed a death yak
  6293 | D:8      | Noticed a death yak
  6294 | D:8      | Received a gift from Okawaru
  6368 | D:9      | Reached **** piety under Okawaru
  6373 | D:9      | Reached XP level 10. HP: 65/89 MP: 12/12
  6382 | D:9      | Found Soeggeim's Book Shoppe.
  6534 | D:9      | Found a shadowy altar of Dithmenos.
  6572 | D:9      | Received a gift from Okawaru
  6680 | D:9      | Found a staircase to the Orcish Mines.
  6777 | D:9      | Noticed Gastronok
  6796 | D:9      | Killed Gastronok
  6796 | D:9      | Reached ***** piety under Okawaru
  6900 | D:10     | Entered Level 10 of the Dungeon
  7446 | D:10     | Reached skill level 5 in Invocations
  7474 | D:10     | Reached XP level 11. HP: 102/109 MP: 13/13
  7695 | D:11     | Received a gift from Okawaru
  7695 | D:11     | Reached skill level 9 in Unarmed Combat
  7782 | D:11     | Noticed a two-headed ogre
  7789 | D:11     | Killed a two-headed ogre
  7853 | D:11     | Received a gift from Okawaru
  7861 | D:11     | Noticed a sun demon
  7884 | D:11     | HP: 1/109 [killer bee (6)]
  8051 | D:8      | Killed a death yak
  8055 | D:8      | Killed a death yak
  8055 | D:8      | Reached skill level 10 in Unarmed Combat
  8081 | D:8      | Killed a death yak
  8266 | D:8      | Found a staircase to the Lair.
  8327 | D:8      | Found Ateatapu's Armour Shoppe.
  8332 | D:8      | Bought the +2 robe of Tasaur {+Blink rC- MR+++} for 404
                  | gold pieces
  8627 | Lair:1   | Entered Level 1 of the Lair of Beasts
  8638 | Lair:1   | You fall through a shaft!
  8638 | Lair:2   | Noticed Urug
  8652 | Lair:2   | Killed Urug
  8652 | Lair:2   | Reached skill level 1 in Evocations
  8655 | Lair:2   | Noticed Sonja
  8830 | Lair:2   | Noticed a five-headed hydra
  8869 | Lair:2   | Received a gift from Okawaru
  8888 | Lair:2   | Killed a five-headed hydra
  9110 | Lair:1   | Noticed Erica
  9119 | Lair:1   | Reached XP level 12. HP: 118/118 MP: 14/17
  9124 | Lair:1   | Killed Erica
  9124 | Lair:1   | Received a gift from Okawaru
  9172 | Lair:1   | Noticed a four-headed hydra
  9181 | Lair:1   | Killed a four-headed hydra
  9181 | Lair:1   | Reached ****** piety under Okawaru
  9265 | Lair:1   | Reached skill level 5 in Evocations
  9354 | Lair:1   | Received a gift from Okawaru
 10385 | Lair:2   | Received a gift from Okawaru
 10647 | Lair:2   | Noticed Sonja
 10647 | Lair:2   | Sonja changed into Sonja the wyvern
 10649 | Lair:2   | Killed Sonja the wyvern
 10675 | Lair:2   | Noticed a queen ant
 10688 | Lair:2   | Killed a queen ant
 11911 | Lair:3   | Found a staircase to the Snake Pit.
 11937 | Lair:3   | Reached skill level 10 in Dodging
 12221 | Lair:3   | Reached XP level 13. HP: 79/127 MP: 18/18
 12263 | Lair:3   | HP: 6/127 [poisoned by a spiny frog]
 12268 | Lair:3   | HP: 5/127 [poisoned by a spiny frog]
 12273 | Lair:3   | HP: 5/127 [poisoned by a spiny frog]
 12278 | Lair:3   | HP: 6/127 [poisoned by a spiny frog]
 12833 | Lair:3   | Reached skill level 11 in Unarmed Combat
 12987 | Lair:4   | Found a staircase to the Shoals.
 12995 | Lair:4   | Found a glowing golden altar of the Shining One.
 13836 | Lair:5   | Found a staircase to the Slime Pits.
 13836 | Lair:5   | Found a viscous altar of Jiyva.
 13857 | Lair:5   | Reached skill level 12 in Unarmed Combat
 14005 | Lair:5   | Received a gift from Okawaru
 14425 | Lair:6   | Entered Level 6 of the Lair of Beasts
 14580 | Lair:6   | HP: 2/127 [yak (15)]
 15227 | Lair:6   | Received a gift from Okawaru
 15455 | Lair:6   | Reached skill level 10 in Throwing
 15722 | Lair:6   | Slain by a spriggan rider

Vault maps used:
D:1:      matt_arrival_spirals, minmay_pentomino_t2
D:3:      first_ration, nicolae_dithmenos_through_a_glass_darkly
D:5:      grunt_temple_overflow_cloverleaf, minmay_misc_feat_tower
D:6:      serial_rivers, chequers_serial_rivers_micro_c,
          chequers_serial_rivers_micro_c, chequers_serial_rivers_large_b,
          chequers_serial_rivers_micro_d, chequers_serial_rivers_large_a
D:7:      minmay_temple_entry_statues_fountains, basic_altar, minivault_19,
          uniq_joseph, uniq_menkaure
D:8:      dpeg_lair_monsters, serial_shops, nicolae_shop_crystal,
          nicolae_shop_trees
D:9:      orc_0_dummy, serial_shops, nicolae_shop_crystal, basic_altar,
          uniq_gastronok
D:11:     ebering_ghost_rock_garden, the_bakery, grunt_ministairs_13,
          st_stairs_7, fedhas_altar_2
Temple:   eino_narrow_crystal_temple
Lair:1:   beast_lair_carwin_1, infiniplex_staircase_pool, grunt_megastairs_1,
          minmay_lair_oklob_chamber, lemuel_fruit_fields, uniq_erica
Lair:2:   hangedman_what_comes_after_a, lab_entry_generic, wad_woods_antlair,
          uniq_sonja, uniq_urug
Lair:3:   guppyfry_snake_entry_island, eino_house_with_fridge
Lair:4:   shoals_dummy_entry, basic_altar, minmay_holes
Lair:5:   slime_altar_1, serial_bayou_shore_b, grunt_megastairs_3,
          lemuel_fruit_fields, lemuel_fruit_tree, serial_bayou_shore_b
Lair:6:   minmay_lair_end_enchanted_forest, nicolae_volcano_entry_batcave,
          st_stairs_12, chequers_serial_rivers_marsh, serial_bayou_shore_b,
          lemuel_fruit_fields

Skill      XL: |  1  2  3  4  5  6  7  8  9 10 11 12 13 |
---------------+----------------------------------------+-----
Unarmed Combat | 4 5 7 8 10 12 | 12.0
Throwing       | 4 6 10 | 10.2
Dodging        | 4 8 10 | 10.0
Invocations    | 2 4 5 8 |  8.1
Fighting       | 7 8 |  8.0
Evocations     | 4 6 |  6.0
Stealth        | |  1.0

Action                   |  1- 3 |  4- 6 |  7- 9 | 10-12 | 13-15 || total
-------------------------+-------+-------+-------+-------+-------++-------
Melee: Unarmed           |    90 |    98 |   250 |   826 |   399 ||  1663
       Punch             |       |     1 |     9 |    52 |    32 ||    94
Throw: Tomahawk          |       |     3 |    11 |       |       ||    14
       Javelin           |       |       |       |    15 |    42 ||    57
       Large rock        |       |       |       |    11 |     1 ||    12
       Stone             |       |       |       |     4 |       ||     4
Invok: Heroism           |       |       |     3 |     9 |     3 ||    15
Evoke: Wand              |       |       |       |     8 |     5 ||    13
  Use: Scroll            |       |    11 |     3 |    18 |     2 ||    34
       Potion            |       |       |     1 |     6 |     1 ||     8
 Stab: Sleeping          |     9 |     8 |     2 |     3 |     1 ||    23
       Distracted        |     1 |       |       |     1 |       ||     2
  Eat: Chunk             |    18 |    15 |    27 |    61 |    31 ||   152
       Ration            |       |       |     1 |       |       ||     1
Armor: Robe              |    30 |    19 |    54 |   167 |    59 ||   329
       Troll leather arm |       |       |       |    25 |       ||    25
       Skin              |       |       |       |     7 |       ||     7
Dodge: Dodged            |    29 |    39 |   162 |   794 |   304 ||  1328

Table legend:
 A = Non-vault XP
 B = Vault XP
 C = Vault XP percentage of total XP
 D = Non-vault monster count
 E = Vault monster count
 F = Vault count percentage of total count
                 A         B        C        D         E       F
            +---------+---------+-------+---------+---------+-------
      Total |   33565 |   28973 |  46.3 |     314 |     158 |  33.5
            +---------+---------+-------+---------+---------+-------
        D:1 |      34 |       1 |   2.9 |      25 |       1 |   3.8
        D:2 |      89 |       0 |   0.0 |      28 |       0 |   0.0
        D:3 |      94 |       0 |   0.0 |      11 |       0 |   0.0
        D:4 |     326 |       0 |   0.0 |      14 |       0 |   0.0
        D:5 |     383 |       0 |   0.0 |      16 |       0 |   0.0
        D:6 |     958 |       0 |   0.0 |      26 |       0 |   0.0
        D:7 |    1094 |     622 |  36.2 |      22 |       2 |   8.3
        D:8 |     464 |    3828 |  89.2 |       5 |       9 |  64.3
        D:9 |    2478 |    2565 |  50.9 |      29 |       2 |   6.5
       D:10 |    2255 |      63 |   2.7 |      33 |       1 |   2.9
       D:11 |    2498 |     182 |   6.8 |      13 |       4 |  23.5
     Lair:1 |    2018 |    2893 |  58.9 |       7 |      13 |  65.0
     Lair:2 |    2897 |    8971 |  75.6 |      11 |      69 |  86.2
     Lair:3 |    3863 |    1406 |  26.7 |      17 |      15 |  46.9
     Lair:4 |    1911 |       0 |   0.0 |      10 |       0 |   0.0
     Lair:5 |    3138 |    2206 |  41.3 |      13 |       9 |  40.9
     Lair:6 |    9065 |    6236 |  40.8 |      34 |      33 |  49.3
            +---------+---------+-------+---------+---------+-------
